 Dungeon Crawl Stone Soup version 0.15-a0-2370-ga66baa6 (webtiles) character file.

264 Econoterrorist the Slasher (level 5, 0/34 HPs)
             Began as a High Elf Skald on Aug 1, 2014.
             Slain by a worker ant (6 damage)
             ... on Level 4 of the Dungeon.
             The game lasted 00:14:46 (3910 turns).

Econoterrorist the Slasher (High Elf Skald)         Turns: 3910, Time: 00:14:48

HP   0/34        AC  4     Str 11      XL: 5   Next: 98%
MP  11/12        EV 12     Int 17      God:
Gold 189         SH  0     Dex 14      Spells:  3 memorised,  2 levels left

rFire  . . .     SeeInvis .     a - +1 falchion
rCold  . . .     Clarity  .     m - +1 robe
rNeg   + . .     rCorr    .     (no shield)
rPois  .         rRot     .     C - +0 helmet
rElec  .         Spirit   .     (no cloak)
SustAb +         Warding  .     (no gloves)
rMut   .         Stasis   .     (no boots)
Gourm  .                        (no amulet)
MR     .....                    o - ring of sustain abilities
                                b - ring of positive energy

@: lethally poisoned, infused, not resistant to hostile enchantments, very
unstealthy
A: no striking features
a: no special abilities


You were on level 4 of the Dungeon.
You were not hungry.

You visited 1 branch of the dungeon, and saw 4 of its levels.

You collected 189 gold pieces.

Inventory:

Hand weapons
 a - a +1 falchion (weapon)
Armour
 m - a +1 robe (worn)
 C - a +0 helmet (worn)
Comestibles
 d - 2 bread rations
 i - a meat ration
 r - 2 fruits
Scrolls
 e - a scroll of teleportation
 p - 3 scrolls of identify
 v - a scroll of enchant armour
 y - 2 scrolls of recharging
 E - a scroll of remove curse
 G - a scroll of blinking
Jewellery
 b - a ring of positive energy (left hand)
 o - a ring of sustain abilities (right hand)
Potions
 f - a potion of agility
 g - a potion of might {unknown}
 h - a potion of degeneration {unknown}
 j - a potion of resistance {unknown}
 k - a potion of magic {unknown}
 l - a potion of curing {unknown}
 n - 4 potions of heal wounds {unknown}
 q - a potion of flight {unknown}
 t - a potion of confusion {unknown}
 u - 2 potions of poison {unknown}
 w - 2 potions of invisibility {unknown}
 x - a potion of brilliance {unknown}
 A - a potion of lignification {unknown}
 B - a potion of mutation {unknown}
 D - a potion of berserk rage {unknown}
 F - a potion of haste {unknown}
Books
 c - a book of Battle

   Spells                             Type                      Level
   *Infusion                          Charms                       1
   *Shroud of Golubria                Charms/Translocation         2
   Song of Slaying                    Charms                       2
   Spectral Weapon                    Hexes/Charms                 3
   *Regeneration                      Charms/Necromancy            3
 z - a book of Flames

   Spells                             Type                      Level
   Flame Tongue                       Conjuration/Fire             1
   Throw Flame                        Conjuration/Fire             2
   Conjure Flame                      Conjuration/Fire             3
   Inner Flame                        Hexes/Fire                   3
   Sticky Flame                       Conjuration/Fire             4
   Fireball                           Conjuration/Fire             5


   Skills:
 - Level 2.0 Fighting
 - Level 6.1 Long Blades
 - Level 0.8 Armour
 + Level 2.1 Dodging
 - Level 2.4 Spellcasting
 - Level 5.3 Charms


You had 2 spell levels left.
You knew the following spells:

 Your Spells              Type           Power        Failure   Level  Hunger
a - Infusion              Chrm           ###...       2%          1    #......
b - Shroud of Golubria    Chrm/Tloc      ##........   12%         2    ##.....
c - Regeneration          Chrm/Necr      ##........   21%         3    ###....


Dungeon Overview and Level Annotations

Branches:
Dungeon (4/15)
 Temple: D:4-7

Altars:
Ashenzari
Dithmenos
Yredelemnul


Message History

* * * LOW HITPOINT WARNING * * *
You barely miss the worker ant.
The worker ant is severely wounded.
* * * LOW HITPOINT WARNING * * *
You feel sick. The worker ant closely misses you.
You closely miss the worker ant.
The worker ant is severely wounded.
* * * LOW HITPOINT WARNING * * *
You feel sick. The worker ant barely misses you.
You hit the worker ant but do no damage.
The worker ant is severely wounded.
* * * LOW HITPOINT WARNING * * *
You feel sick. The worker ant barely misses you.
You barely miss the worker ant.
The worker ant is severely wounded.
* * * LOW HITPOINT WARNING * * *
You feel sick.
The worker ant bites you but does no damage.
The worker ant bites you.
You die...

###.....#......+....#...<#....
#..##.###########'##..######
##.##.###########.##..######
#.......#..............#....
##.##...+.......[......#....
##.##...#............<.....[
#..##.########....##..#..###
#######.##.######################
#.......##..'...@...# #....
##......+...#...#a..# #...#
###.##..##.#######.## ##..#
.##'##+###%######### ####
.+..##..##.......# #
.##..+...........# #
<##..#...........# #
..#.##...#..###..# #
............###### #


You could see a worker ant.

Vanquished Creatures
  3 worker ants (D:4)
  9 adders
  2 worms
  An iguana skeleton (D:4)
  2 giant geckos (D:1)
  6 orcs
  2 ball pythons
  11 bats
  6 hobgoblins
  8 jackals
  9 kobolds
  4 giant cockroaches
  5 giant newts
  2 gnoll zombies (D:4)
  7 goblins
  An orc skeleton (D:4)
  11 rats
  A rat skeleton (D:4)
90 creatures vanquished.

Notes
Turn   | Place    | Note
--------------------------------------------------------------
     0 | D:1      | Econoterrorist, the High Elf Skald, began the quest for the Orb.
     0 | D:1      | Reached XP level 1. HP: 14/14 MP: 4/4
   119 | D:1      | Reached XP level 2. HP: 17/19 MP: 6/6
   311 | D:1      | Reached skill level 4 in Long Blades
   372 | D:1      | Found a shattered altar of Ashenzari.
   377 | D:1      | Reached XP level 3. HP: 20/24 MP: 8/8
  1149 | D:2      | Learned a level 2 spell: Shroud of Golubria
  1158 | D:2      | Learned a level 3 spell: Regeneration
  1267 | D:2      | Found a shadowy altar of Dithmenos.
  1334 | D:2      | Reached skill level 5 in Long Blades
  1492 | D:2      | Found a shattered altar of Ashenzari.
  1615 | D:2      | Reached XP level 4. HP: 26/29 MP: 11/11
  2226 | D:3      | Reached skill level 6 in Long Blades
  2817 | D:4      | Reached XP level 5. HP: 26/34 MP: 6/12
  3206 | D:4      | Reached skill level 5 in Charms
  3642 | D:4      | Found a basalt altar of Yredelemnul.
  3910 | D:4      | Slain by a worker ant

Action                   |  1- 3 |  4- 6 || total
-------------------------+-------+-------++-------
Melee: Falchion          |   122 |   212 ||   334
 Cast: Infusion          |     2 |    16 ||    18
       Regeneration      |     2 |    12 ||    14
       Shroud of Golubri |     1 |     4 ||     5
  Use: Scroll            |     9 |     1 ||    10
 Stab: Sleeping          |     2 |     1 ||     3
  Eat: Chunk             |     2 |     9 ||    11
       Pizza             |       |     1 ||     1
